 Dungeon Crawl Stone Soup version 0.28.0 (webtiles) character file.

Game seed: 11812836319939128416

64 issech the Cudgeller (level 3, -6/36 HPs)
             Began as a Troll Monk on Feb 14, 2022.
             Killed from afar by Sigmund (9 damage)
             ... with a puff of flame
             ... on level 2 of the Dungeon.
             The game lasted 00:03:17 (983 turns).

issech the Cudgeller (Troll Monk)                    Turns: 983, Time: 00:03:17

Health: -6/36      AC:  4    Str: 19    XL:     3   Next: 91%
Magic:  2/2        EV: 10    Int:  6    God:
Gold:   33         SH:  0    Dex: 14    Spells: 2/2 levels left

rFire   . . .      SeeInvis .   a - +0 mace
rCold   . . .      Faith    .   (no shield)
rNeg    . . .      Spirit   .   b - +0 robe
rPois   .          Reflect  .   (helmet restricted)
rElec   .          Harm     .   (no cloak)
rCorr   .          Rampage  .   (gloves unavailable)
Will    .....                   (boots unavailable)
Stlth   +.........              (no amulet)
HPRegen 0.92/turn               (no ring)
MPRegen 0.08/turn               (no ring)

@: confused
A: large, unfitting armour, claws 3, regeneration 1, shaggy fur 1, tough skin 1
a: no special abilities


You were on level 2 of the Dungeon.
You visited 1 branch of the dungeon, and saw 2 of its levels.

You collected 33 gold pieces.

Inventory:

Hand Weapons
 a - a +0 mace (weapon)
Missiles
 f - 28 stones (quivered)
 k - 2 curare-tipped darts
Armour
 b - a +0 robe (worn)
Scrolls
 g - a scroll of enchant armour {unknown}
 h - a scroll of immolation {unknown}
 i - 3 scrolls of identify {unknown}
 j - a scroll of magic mapping {unknown}
Potions
 c - 2 potions of degeneration {unknown}
 d - 2 potions of heal wounds {unknown}
 e - 2 potions of curing {unknown}


   Skills:
 + Level 2.9 Fighting
 + Level 3.5 Maces & Flails
 + Level 2.9 Dodging
 + Level 1.1 Stealth


You had 2 spell levels left.
You didn't know any spells.
Your spell library was empty.

Dungeon Overview and Level Annotations

Branches:
Dungeon (2/15)

Altars:

Shops:
D:1 *

Annotations:
D:2 Sigmund


Innate Abilities, Weirdness & Mutations

You are too large for most types of armour.
You have claws for hands.
Your natural rate of healing is unusually fast.
You are covered in fur. (AC +1)
You have tough skin. (AC +1)


Message History

Press: ? - help, Q - select action, (/) - cycle Shift-Dir - straight line, f/p - Sigmund
Aim: Sigmund, wielding a +0 scythe and wearing a +0 robe (lightly wounded, 55% to hit)
You throw a stone. The stone closely misses Sigmund.
Throw: 29 stones
Press: ? - help, Q - select action, (/) - cycle Shift-Dir - straight line, f/p - Sigmund
Aim: Sigmund, wielding a +0 scythe and wearing a +0 robe (lightly wounded, 55% to hit)
You throw a stone.
The stone hits Sigmund but does no damage.
Sigmund is lightly wounded.
Sigmund points at you and mumbles some strange words.
You are confused.
You bump into the rock wall.
Sigmund closely misses you.
You bump into the rock wall.
Sigmund points at you and mumbles some strange words.
You are more confused.
Unknown command.
Unknown command.
Sigmund hits you with a +0 scythe!
You completely miss Sigmund.
Sigmund is lightly wounded.
Sigmund hits you with a +0 scythe!
You closely miss Sigmund.
Sigmund is lightly wounded.
Sigmund completely misses you. Sigmund hits you with a +0 scythe!
* * * LOW HITPOINT WARNING * * *
Sigmund casts a spell at you. You resist with significant effort.
Sigmund hits you from afar with a +0 scythe.
* * * LOW HITPOINT WARNING * * *
You feel less confused. Sigmund gestures at you while chanting.
You are confused.
You're too confused to move!
Sigmund points at you and mumbles some strange words.
The puff of flame hits you!
* * * LOW HITPOINT WARNING * * *
Sigmund points at you and mumbles some strange words.
The puff of flame hits you!
You die...

....##.##........#### ..
##.###.##...).......# . #.#
#.########.##### .# . ##.#
#..............##.##...
...###..#######.#...........
..........)................>
##......#####.#......#.##...
...####.# #..............
........# #..#.@#..##.....
........####..#.....# ......
..............#.#..###......
.......#####...@......###...
######## ##..(......# .. #
#.#..(....# # #..<..$...#
####### ........(.# ......#
......!....#


You could see Sigmund.

Vanquished Creatures
  Jessica (D:2)
  2 dart slugs
  A bat (D:2)
  3 endoplasms
  2 giant cockroaches (D:1)
  A goblin (D:1)
  3 hobgoblins (D:1)
  2 jackals (D:1)
  4 kobolds
  3 quokkas
  6 ball pythons
  2 frilled lizards
  2 rats
32 creatures vanquished.

Notes
Turn   | Place    | Note
-------+----------+-------------------------------------------
     0 | D:1      | issech the Troll Monk began the quest for the Orb.
     0 | D:1      | Reached XP level 1. HP: 22/22 MP: 0/0
   115 | D:1      | Found a faded altar of an unknown god.
   138 | D:1      | Reached XP level 2. HP: 29/29 MP: 1/1
   213 | D:1      | Found Xazusim's Assorted Antiques.
   254 | D:1      | Reached skill level 3 in Maces & Flails
   785 | D:2      | Reached XP level 3. HP: 32/36 MP: 2/2
   915 | D:2      | Noticed Jessica
   934 | D:2      | Killed Jessica
   948 | D:2      | Noticed Sigmund
   983 | D:2      | Killed from afar by Sigmund

Illustrated notes

Levels and vault maps discovered:
D:1:      lemuel_arrival_river_bridge, layout_basic, basic_ecumenical_altar,
          serial_shops, nicolae_shop_advertising_works
          [nicolae_subvault_shop_adworks], interstate_on_off, minmay_tromino_i2
D:2:      layout_basic, uniq_sigmund, uniq_jessica

Skill      XL: |  1  2 |
---------------+-------+-----
Maces & Flails | 3 |  3.5
Fighting       | |  2.9
Dodging        | |  2.9
Stealth        | |  1.1

Action                   || total
-------------------------++-------
Melee: Mace              ||    91
Throw: Stone             ||     3
 Stab: Sleeping          ||     1
Armor: Robe              ||    32
Dodge: Dodged            ||    76
